EL
MIDLAND ROCKHOUNDS @ CORPUS CHRISTI HOOKS
04/16/2048
 
TOP OF THE 1ST
Midland RockHounds batting - Pitching for Corpus Christi Hooks : RHP Gerardo Huerta
Pitching: RHP Gerardo Huerta
Batting: RHB Matt Sherard 0-0: Ball
1-0: Called Strike
1-1: Called Strike
1-2: Strikes out swinging
Batting: RHB Larry Clark 0-0: Fly out, F8 (Flyball, 89M, EV 86.2 MPH)
Batting: LHB Nick Pacheco 0-0: Ball
1-0: Ball
2-0: Foul Ball, location: 2F
2-1: Ball
3-1: Ground out 4-3 (Groundball, 4, EV 101.2 MPH)
Top of the 1st over - 0 runs, 0 hits, 0 errors, 0 left on base; Midland 0 - Corpus Christi 0
BOTTOM OF THE 1ST
Corpus Christi Hooks batting - Pitching for Midland RockHounds : RHP Craig Daniel
Pitching: RHP Craig Daniel
Batting: RHB Ben Hoffman 0-0: Ball
1-0: Ground out 5-3 (Groundball, 56S, EV 61.2 MPH)
Batting: LHB Bob Dietz 0-0: Foul Ball, location: 2F
0-1: Ball
1-1: Ball
2-1: Foul Ball, location: 2F
2-2: Ball
3-2: Fly out, F7 (Flyball, 7LM, EV 90.0 MPH)
Batting: LHB Mitchell Casey 0-0: Ball
1-0: Swinging Strike
1-1: Foul Ball, location: 2F
1-2: Ball
2-2: Ball
3-2: Base on Balls
Batting: RHB Ramon Castellon 0-0: Ball
1-0: Fielders Choice at 2nd, 5-4 (Groundball, 5, EV 95.6 MPH)
Bottom of the 1st over - 0 runs, 0 hits, 0 errors, 1 left on base; Midland 0 - Corpus Christi 0
TOP OF THE 2ND
Midland RockHounds batting - Pitching for Corpus Christi Hooks : RHP Gerardo Huerta
Batting: RHB Travis Robinson 0-0: Fly out, F7 (Flyball, 7, EV 86.9 MPH)
Batting: RHB Tony Crespo 0-0: Ball
1-0: Ball
2-0: Swinging Strike
2-1: Foul Ball, location: 2F
2-2: SINGLE (Groundball, 5S, EV 76.9 MPH) (infield hit)
Batting: RHB Micah Roth 0-0: Called Strike
0-1: Ball
1-1: Foul Ball, location: 2F
1-2: Strikes out looking
Batting: RHB David Sharp 0-0: Called Strike
Tony Crespo steals 2nd base
0-1: SINGLE (Groundball, 56S, EV 67.5 MPH) (infield hit)
Tony Crespo to third
Batting: RHB Gojko Golob 0-0: Ball
1-0: Ball
2-0: Foul Ball, location: 2F
2-1: Fly out, F8 (Flyball, 8RD, EV 103.8 MPH)
Top of the 2nd over - 0 runs, 2 hits, 0 errors, 2 left on base; Midland 0 - Corpus Christi 0
BOTTOM OF THE 2ND
Corpus Christi Hooks batting - Pitching for Midland RockHounds : RHP Craig Daniel
Batting: LHB Josh Corkery 0-0: Foul Ball, location: 2F
0-1: Ground out 4-3 (Groundball, 4MS, EV 78.8 MPH)
Batting: RHB Sam Spohn 0-0: Ball
1-0: Foul Ball, location: 2F
1-1: Called Strike
1-2: Ball
2-2: Ball
3-2: SINGLE (Flyball, 4D, EV 87.5 MPH)
Batting: LHB Josh Birkner 0-0: Grounds into double play, U6-3 (Groundball, 4M, EV 90.6 MPH)
Bottom of the 2nd over - 0 runs, 1 hit, 0 errors, 0 left on base; Midland 0 - Corpus Christi 0
TOP OF THE 3RD
Midland RockHounds batting - Pitching for Corpus Christi Hooks : RHP Gerardo Huerta
Batting: RHB Moses Brokken 0-0: Called Strike
0-1: Ball
1-1: Ball
2-1: Swinging Strike
2-2: Foul Ball, location: 2F
2-2: Foul Ball, location: 2F
2-2: Ball
3-2: Strikes out swinging
Batting: RHB Matt Sherard 0-0: Ground out 6-3 (Groundball, 6, EV 96.9 MPH)
Batting: RHB Larry Clark 0-0: Ball
1-0: Ball
2-0: Foul Ball, location: 2F
2-1: Swinging Strike
2-2: Strikes out swinging
Top of the 3rd over - 0 runs, 0 hits, 0 errors, 0 left on base; Midland 0 - Corpus Christi 0
BOTTOM OF THE 3RD
Corpus Christi Hooks batting - Pitching for Midland RockHounds : RHP Craig Daniel
Batting: RHB Masaru Konno 0-0: SINGLE (Groundball, 4MD, EV 93.8 MPH)
Batting: RHB Ben Minge 0-0: TRIPLE (Line Drive, 89XD, EV 108.8 MPH)
Masaru Konno scores
Batting: RHB Ben Hoffman 0-0: Foul Ball, location: 2F
0-1: Ball
1-1: Foul Ball, location: 2F
1-2: Ground out U3 (Groundball, 34, EV 92.5 MPH)
Ben Minge scores
Batting: LHB Bob Dietz 0-0: Ball
1-0: Fly out, F5 (Popup, 56S, EV 87.5 MPH)
Batting: LHB Mitchell Casey 0-0: Ball
1-0: SOLO HOME RUN (Line Drive, 78XD, EV 108.1 MPH), Distance : 417 ft
Batting: RHB Ramon Castellon 0-0: Called Strike
0-1: SOLO HOME RUN (Flyball, 78XD, EV 107.5 MPH), Distance : 398 ft
Batting: LHB Josh Corkery 0-0: Ball
1-0: DOUBLE (Line Drive, 9LS, EV 99.4 MPH)
Batting: RHB Sam Spohn 0-0: Ball
1-0: Ground out 6-3 (Groundball, 6, EV 86.9 MPH)
Bottom of the 3rd over - 4 runs, 5 hits, 0 errors, 1 left on base; Midland 0 - Corpus Christi 4
TOP OF THE 4TH
Midland RockHounds batting - Pitching for Corpus Christi Hooks : RHP Gerardo Huerta
Batting: LHB Nick Pacheco 0-0: Ball
1-0: Ball
2-0: Ball
3-0: Base on Balls
Batting: RHB Travis Robinson 0-0: Ball
1-0: Ball
2-0: Fly out, F8 (Flyball, 8LD, EV 102.5 MPH)
Batting: RHB Tony Crespo 0-0: Foul Ball, location: 2F
0-1: Foul Ball, location: 2F
0-2: Ball
1-2: Strikes out swinging
Batting: RHB Micah Roth 0-0: Called Strike
0-1: Called Strike
0-2: Ball
1-2: Foul Ball, location: 2F
1-2: Strikes out looking
Top of the 4th over - 0 runs, 0 hits, 0 errors, 1 left on base; Midland 0 - Corpus Christi 4
BOTTOM OF THE 4TH
Corpus Christi Hooks batting - Pitching for Midland RockHounds : RHP Craig Daniel
Batting: LHB Josh Birkner 0-0: Ball
1-0: Called Strike
1-1: Ball
2-1: Ball
3-1: Foul Ball, location: 2F
3-2: Base on Balls
Batting: RHB Masaru Konno 0-0: Ball
1-0: Called Strike
1-1: Swinging Strike
1-2: Ball
2-2: Ball
3-2: Strikes out swinging
Batting: RHB Ben Minge 0-0: Called Strike
0-1: Called Strike
0-2: Ball
1-2: Strikes out swinging
Batting: RHB Ben Hoffman 0-0: Ball
1-0: Called Strike
1-1: Swinging Strike
1-2: Strikes out swinging
Bottom of the 4th over - 0 runs, 0 hits, 0 errors, 1 left on base; Midland 0 - Corpus Christi 4
TOP OF THE 5TH
Midland RockHounds batting - Pitching for Corpus Christi Hooks : RHP Gerardo Huerta
Batting: RHB David Sharp 0-0: Ball
1-0: SOLO HOME RUN (Flyball, 7D, EV 97.5 MPH), Distance : 376 ft
Batting: RHB Gojko Golob 0-0: Swinging Strike
0-1: Swinging Strike
0-2: Strikes out swinging
Batting: RHB Moses Brokken 0-0: Called Strike
0-1: Called Strike
0-2: Ball
1-2: Strikes out swinging
Batting: RHB Matt Sherard 0-0: Ball
1-0: Swinging Strike
1-1: Called Strike
1-2: Ball
2-2: SINGLE (Line Drive, 7S, EV 93.8 MPH)
Batting: RHB Larry Clark 0-0: Called Strike
0-1: Foul Ball, location: 2F
0-2: Ground out 4-3 (Groundball, 4, EV 84.4 MPH)
Top of the 5th over - 1 run, 2 hits, 0 errors, 1 left on base; Midland 1 - Corpus Christi 4
BOTTOM OF THE 5TH
Corpus Christi Hooks batting - Pitching for Midland RockHounds : RHP Craig Daniel
Batting: LHB Bob Dietz 0-0: Foul Ball, location: 2F
0-1: Ball
1-1: Ball
2-1: Ball
3-1: Foul Ball, location: 2F
3-2: Strikes out swinging
Batting: LHB Mitchell Casey 0-0: Ground out 1-3 (Groundball, P, EV 71.2 MPH)
Batting: RHB Ramon Castellon 0-0: Foul Ball, location: 2F
0-1: Ball
1-1: Ball
2-1: Reached on error, E5 (Groundball, 56, EV 83.8 MPH)
Batting: LHB Josh Corkery 0-0: Ball
1-0: Swinging Strike
1-1: Called Strike
1-2: Ball
2-2: Strikes out swinging
Bottom of the 5th over - 0 runs, 0 hits, 1 error, 1 left on base; Midland 1 - Corpus Christi 4
TOP OF THE 6TH
Midland RockHounds batting - Pitching for Corpus Christi Hooks : RHP Gerardo Huerta
Batting: LHB Nick Pacheco 0-0: Called Strike
0-1: Swinging Strike
0-2: Ball
1-2: Ball
2-2: Foul Ball, location: 2F
2-2: Foul Ball, location: 2F
2-2: Ball
3-2: Foul Ball, location: 2F
3-2: Base on Balls
Batting: RHB Travis Robinson 0-0: Swinging Strike
0-1: Swinging Strike
0-2: Strikes out looking
Batting: RHB Tony Crespo 0-0: Ball
1-0: Ball
2-0: Ball
3-0: Called Strike
3-1: Swinging Strike
3-2: Base on Balls
Nick Pacheco to second
Batting: RHB Micah Roth 0-0: Ball
1-0: Ball
2-0: Ground out 3-1 (Groundball, 34D, EV 101.2 MPH)
Nick Pacheco to third
Tony Crespo to second
Batting: RHB David Sharp 0-0: Called Strike
0-1: Ball
1-1: Ball
2-1: Foul Ball, location: 2F
2-2: Foul Ball, location: 2F
2-2: Fly out, F8 (Flyball, 8RXD, EV 109.4 MPH)
Top of the 6th over - 0 runs, 0 hits, 0 errors, 2 left on base; Midland 1 - Corpus Christi 4
BOTTOM OF THE 6TH
Corpus Christi Hooks batting - Pitching for Midland RockHounds : RHP Craig Daniel
Batting: RHB Sam Spohn 0-0: Ball
1-0: Ball
2-0: Foul Ball, location: 2F
2-1: Fly out, F8 (Flyball, 8LD, EV 86.2 MPH)
Batting: LHB Josh Birkner 0-0: Fly out, F9 (Flyball, 9, EV 85.6 MPH)
Batting: RHB Masaru Konno 0-0: Foul Ball, location: 2F
0-1: Foul Ball, location: 2F
0-2: Strikes out swinging
Bottom of the 6th over - 0 runs, 0 hits, 0 errors, 0 left on base; Midland 1 - Corpus Christi 4
TOP OF THE 7TH
Midland RockHounds batting - Pitching for Corpus Christi Hooks : RHP Gerardo Huerta
Batting: RHB Gojko Golob 0-0: Hit by Pitch
Pitching: LHP Blaine Whitmore
Batting: RHB Moses Brokken 0-0: Fly out, F6 (Popup, 6M, EV 56.9 MPH)
Batting: RHB Matt Sherard 0-0: Called Strike
0-1: Ball
1-1: Called Strike
1-2: Foul Ball, location: 2F
1-2: DOUBLE (Groundball, 5L, EV 107.5 MPH)
Gojko Golob to third
Runner from 3rd tries for Home, SAFE, throw by LF to home
Batting: RHB Larry Clark 0-0: Swinging Strike
0-1: Ball
1-1: DOUBLE (Line Drive, 7LM, EV 98.1 MPH)
Matt Sherard scores
Batting: RHB Niek de Haan 0-0: Ball
1-0: Swinging Strike
1-1: Called Strike
1-2: Ball
2-2: Fly out, F8 (Flyball, 8RXD, EV 103.8 MPH)
Runner from 2nd tags up, SAFE at 3rd, no throw by CF
Batting: RHB Travis Robinson 0-0: Swinging Strike
0-1: Swinging Strike
0-2: Ball
1-2: SINGLE (Groundball, 3D, EV 96.2 MPH)
Larry Clark scores
Batting: RHB Tony Crespo 0-0: Called Strike
0-1: Foul Ball, location: 2F
0-2: Foul Ball, location: 2F
0-2: Fielders Choice at 2nd, U4 (Groundball, 4M, EV 84.4 MPH)
Top of the 7th over - 3 runs, 3 hits, 0 errors, 1 left on base; Midland 4 - Corpus Christi 4
BOTTOM OF THE 7TH
Corpus Christi Hooks batting - Pitching for Midland RockHounds : RHP Craig Daniel
Batting: RHB Ben Minge 0-0: Swinging Strike
0-1: Ball
1-1: Swinging Strike
1-2: Foul Ball, location: 2F
1-2: SINGLE (Groundball, 6MD, EV 98.8 MPH)
Batting: RHB Ben Hoffman 0-0: Ball
1-0: Sac Bunt to 5S - play at first, batter OUT! 5-4
Ben Minge to second
Batting: LHB Bob Dietz 0-0: Ball
Wild Pitch!
Ben Minge to third
1-0: Foul Ball, location: 2F
1-1: Ball
2-1: Foul Ball, location: 2F
2-2: Foul Ball, location: 2F
2-2: Ball
3-2: Foul Ball, location: 2F
3-2: SINGLE (Groundball, 34, EV 95.0 MPH)
Ben Minge scores
Pitching: RHP Caleb Hansberger
Batting: LHB Mitchell Casey 0-0: Fielders Choice at 2nd, 1-6 (Groundball, P, EV 74.4 MPH)
Batting: RHB Ramon Castellon 0-0: Called Strike
0-1: Foul Ball, location: 2F
0-2: DOUBLE (Flyball, 8LXD, EV 98.1 MPH)
Mitchell Casey to third
Batting: LHB Josh Corkery 0-0: Swinging Strike
0-1: Called Strike
0-2: Strikes out swinging
Bottom of the 7th over - 1 run, 3 hits, 0 errors, 2 left on base; Midland 4 - Corpus Christi 5
TOP OF THE 8TH
Midland RockHounds batting - Pitching for Corpus Christi Hooks : LHP Blaine Whitmore
Pitching: RHP Mike Wirick
Now at 2B: Workneh Lagat
Now at 3B: Josh Corkery
Now at SS: Masaru Konno
Now in RF: John Wagner
Batting: RHB Micah Roth 0-0: Fly out, F4 (Popup, 4MS, EV 70.0 MPH)
Batting: RHB David Sharp 0-0: Called Strike
0-1: Ball
1-1: Called Strike
1-2: Ball
2-2: Fly out, F9 (Flyball, 89D, EV 100.6 MPH)
Batting: RHB Gojko Golob 0-0: Ball
1-0: Ball
2-0: Ball
3-0: Called Strike
3-1: Fly out, F7 (Flyball, 7S, EV 83.8 MPH)
Top of the 8th over - 0 runs, 0 hits, 0 errors, 0 left on base; Midland 4 - Corpus Christi 5
BOTTOM OF THE 8TH
Corpus Christi Hooks batting - Pitching for Midland RockHounds : RHP Caleb Hansberger
Batting: RHB Sam Spohn 0-0: Called Strike
0-1: Swinging Strike
0-2: Fly out, F7 (Flyball, 78S, EV 80.0 MPH)
Batting: LHB Josh Birkner 0-0: Called Strike
0-1: Ball
1-1: Foul Ball, location: 2F
1-2: Strikes out swinging
Batting: RHB Masaru Konno 0-0: Ball
1-0: Ball
2-0: Called Strike
2-1: Ball
3-1: Foul Ball, location: 2F
3-2: Base on Balls
Batting: RHB Ben Minge 0-0: Called Strike
Masaru Konno steals 2nd base (no throw)
0-1: SINGLE (Line Drive, 8LS, EV 105.6 MPH)
Masaru Konno to third
Batting: RHB Ben Hoffman 0-0: Swinging Strike
0-1: Foul Ball, location: 2F
0-2: Ball
1-2: Foul Ball, location: 2F
1-2: Strikes out swinging
Bottom of the 8th over - 0 runs, 1 hit, 0 errors, 2 left on base; Midland 4 - Corpus Christi 5
TOP OF THE 9TH
Midland RockHounds batting - Pitching for Corpus Christi Hooks : RHP Mike Wirick
Pinch Hitting: LHB Tom Raupp 0-0: Ball
1-0: Foul Ball, location: 2F
1-1: Ground out 4-3 (Groundball, 34D, EV 106.2 MPH)
Batting: RHB Matt Sherard 0-0: Called Strike
0-1: SINGLE (Line Drive, 89S, EV 91.9 MPH)
Batting: RHB Larry Clark 0-0: Foul Ball, location: 2F
0-1: Foul Ball, location: 2F
0-2: Strikes out swinging
Batting: RHB Niek de Haan 0-0: Ball
1-0: Ball
2-0: Ball
3-0: Called Strike
3-1: Swinging Strike
3-2: Foul Ball, location: 2F
3-2: Foul Ball, location: 2F
3-2: Ground out 6-3 (Groundball, 56D, EV 106.2 MPH)
Top of the 9th over - 0 runs, 1 hit, 0 errors, 1 left on base; Midland 4 - Corpus Christi 5
Tuesday, March 28th , 2023 - OOTP Baseball 23.10 Build 110